 Dungeon Crawl Stone Soup version 0.28-a0-178-ga708605c5b (webtiles) character file.

Game seed: 6825967051988392227

33 lnt the Sneak (level 3, 0/26 HPs)
             Began as an Octopode Delver on Aug 18, 2021.
             Slain by an adder (3 damage)
             ... on level 3 of the Dungeon.
             The game lasted 00:02:52 (615 turns).

lnt the Sneak (Octopode Delver)                      Turns: 615, Time: 00:02:53

Health: 0/26       AC:  1    Str: 11    XL:     3   Next: 29%
Magic:  3/3        EV: 13    Int: 13    God:
Gold:   60         SH:  0    Dex: 13    Spells: 2/2 levels left

rFire   . . .      SeeInvis .   a - +0 short sword
rCold   . . .      Faith    .   (no shield)
rNeg    . . .      Spirit   .   (helmet restricted)
rPois   .          Reflect  .   (no amulet)
rElec   .          Harm     .   (no ring)
rCorr   .          Rampage  .   (no ring)
Will    .....                   (no ring)
Stlth   +++++.....              (no ring)
HPRegen 0.08/turn               (no ring)
MPRegen 0.08/turn               (no ring)
                                (no ring)
                                (no ring)

@: no status effects
A: almost no armour, amphibious, 8 rings, camouflage 1, gelatinous body 1,
(nimble swimmer 1), tentacles
a: no special abilities


You were on level 3 of the Dungeon.
You visited 1 branch of the dungeon, and saw 4 of its levels.

You collected 60 gold pieces.

Inventory:

Hand Weapons
 a - a +0 short sword (weapon)
Magical Staves
 g - a staff of poison
Wands
 f - a wand of digging (3)
Scrolls
 b - a scroll of fog
 c - a scroll of magic mapping
 d - a scroll of fear
 h - a scroll of identify {unknown}
Potions
 e - 2 potions of haste


   Skills:
 + Level 3.2 Fighting
 - Level 2.0 Short Blades
 + Level 2.1 Dodging
 + Level 7.7 Stealth


You had 2 spell levels left.
You didn't know any spells.
Your spell library was empty.

Dungeon Overview and Level Annotations

Branches:
Dungeon (5/15)
 Temple: D:4-7

Altars:

Annotations:
D:3 exclusion: downstairs


Innate Abilities, Weirdness & Mutations

You cannot wear most types of armour.
You are amphibious.
You can wear up to eight rings at the same time.
Your skin changes colour to match your surroundings (Stealth+).
Your rubbery body absorbs attacks. (AC +1, EV +1)
((You are camouflaged near water. (Stealth+)))
You have tentacles for arms and can constrict up to eight enemies at once.


Message History

You release your grip on the giant cockroach.
The ball python barely misses you. x2; The giant cockroach barely misses you.
The adder bites you. The ball python barely misses you.
The ball python closely misses you. The giant cockroach bites you.
You climb downwards.
Level annotation: exclusion: downstairs
There is a stone staircase leading up here.
You hit the giant cockroach but do no damage.
You grab the giant cockroach.
You squeeze the giant cockroach, but do no damage.
The giant cockroach is moderately wounded.
You constrict the giant cockroach, but do no damage.
The adder bites you.
You are poisoned.
The adder poisons you! The ball python barely misses you.
The ball python misses you. The giant cockroach misses you.
The adder bites you.
You are more poisoned.
The adder poisons you!
You hit the giant cockroach.
The giant cockroach is severely wounded.
You constrict the giant cockroach.
You feel sick. The ball python misses you. The ball python grabs you.
The ball python constricts you. The giant cockroach barely misses you.
The adder bites you.
You hit the giant cockroach.
You kill the giant cockroach!
You feel sick. The ball python closely misses you.
The ball python constricts you.
* * * LOW HITPOINT WARNING * * *
The adder barely misses you.
You escape the ball python's grasp.
You feel sick.
You feel sick. The adder closely misses you.
You feel sick.
You feel sick.
You feel sick.
You are no longer poisoned.
Items here: ( )) †.
The adder barely misses you. The adder bites you.
You die...

#.#### #.##...#
######.#### #.##...#
..........# #.##...#
######.##.## #.##....
#.##..######.##..###
####.................
.....###..#####.######
..........#...........
.......†....##@.#
.......<....##S.#
.........#..##S.#
####.....+.S##..#
#.....##.)#..#
#.........#..#
#......##....#
#......##....#
#......##....#


You could see an adder and a ball python.

Vanquished Creatures
  An iguana (D:5)
  A giant cockroach (D:3)
  A hobgoblin (D:4)
  A kobold (D:3)
  A quokka (D:3)
  A ball python (D:4)
6 creatures vanquished.

Notes
Turn   | Place    | Note
-------+----------+-------------------------------------------
     0 | D:5      | lnt the Octopode Delver began the quest for the Orb.
     0 | D:5      | Reached XP level 1. HP: 16/16 MP: 1/1
    42 | D:5      | Noticed an iguana
    57 | D:5      | Killed an iguana
    58 | D:5      | Reached skill level 7 in Stealth
    58 | D:5      | Reached XP level 2. HP: 10/21 MP: 2/2
    58 | D:5      | Reached XP level 3. HP: 12/26 MP: 3/3
   615 | D:3      | Slain by an adder

Illustrated notes

Levels and vault maps discovered:
D:2:      layout_loops_corners, grunt_ministairs_9, kennysheep_small_spiral
D:3:      layout_basic, minmay_tree_intersection, uniq_grinder
D:4:      layout_rooms
D:5:      layout_loops_corners, grunt_temple_overflow_open,
          uniq_crazy_yiuf_cottage

Skill      XL: |  1 |
---------------+----+-----
Stealth        | 7 |  7.7
Fighting       | |  3.2
Short Blades   | |  2.0
Dodging        | |  2.1

Action                   || total
-------------------------++-------
Melee: Short sword       ||    15
       Tentacles         ||     4
       Constrict         ||     4
Dodge: Dodged            ||    20

Table legend: (Time is in decaauts)
 A = Elapsed time spent in this place.
 B = Non-inter-level travel time spent in this place.
 C = Inter-level travel time spent in this place.
 D = Time resting spent in this place.
 E = Time spent auto-exploring this place.
 F = Levels seen in this place.
 G = Mean time per level.
                   A        B        C        D        E       F      G
               +--------+--------+--------+--------+--------+-----+--------+
         Total |    614 |    614 |      0 |    303 |     45 |   4 |  153.5 |
       Dungeon |    614 |    614 |      0 |    303 |     45 |   4 |  153.5 |
               +--------+--------+--------+--------+--------+-----+--------+

Top non-repeatable levels by time:
     D:5: 440 daAuts
     D:3: 102 daAuts
     D:4: 66 daAuts
     D:2: 5 daAuts
